Map: Acid Plant LE

Players

NeebEnciO - Winner!

  • Race: Protoss Protoss
  • League: Master
  • Spawn Location: 5:00

VegetAbLe

  • Race: Protoss Protoss
  • League: Master
  • Spawn Location: 11:00

VOD

Have the link to the VOD?

Description

Time

  • Played on: June 10, 2018, 9:47 p.m.
  • Length: 21:16
Show
View Real Time Build Order
Export as new Build Order

NeebEnciO Protoss - Winner!

Build Orders: Cannon Rush 

Get SALT Encoding   

  12  0:00  Probe  
  13  0:13  Probe  
  14  0:23  Pylon  
  14  0:25  Probe  
  15  0:41  Probe  
  16  0:52  Forge  
  16  0:56  Probe  
  17  1:07  Pylon  
  17  1:08  Probe  
  18  1:27  Photon Cannon  
  18  1:28  Gateway  
  18  1:36  Pylon  
  18  1:48  Photon Cannon  
  18  1:50  Pylon  
  18  1:59  Photon Cannon  
  17  2:26  Photon Cannon  
  17  2:27  Pylon  
  17  2:48  Photon Cannon  
  17  2:52  Photon Cannon  
  17  2:57  Probe  
  18  3:06  Probe  
  18  3:09  Gateway  
  19  3:16  Probe  
  20  3:28  Probe, Photon Cannon  
  21  3:47  Pylon  
  20  4:07  Cybernetics Core  
  20  4:11  Assimilator  
  20  4:14  Pylon  
  20  4:22  Pylon  
  19  4:25  Probe  
  20  4:31  Photon Cannon  
  20  4:33  Probe  
  21  4:41  Probe  
  21  4:43  Assimilator  
  22  4:51  Adept, Pylon  
  24  5:12  Photon Cannon  
  24  5:15  Adept, Photon Cannon  
  26  5:27  Pylon  
  25  5:52  Gateway  
  25  5:55  Gateway  
  25  5:56  Gateway, Warp Gate  
  25  6:03  Pylon  
  25  6:09  Pylon  
  25  6:10  Stalker  
  27  6:39  Stalker  
  25  6:42  Stalker  
  25  6:44  Stalker x2  
  33  6:52  Probe  
  34  6:55  Pylon  
  34  6:59  Stalker  
  34  7:04  Stalker, Probe  
  35  7:14  Stalker  
  41  7:57  Pylon  
  41  7:59  Stalker x3  
  41  8:00  Stalker  
  43  8:45  Zealot x4  
  51  9:06  Sentry  
  51  9:07  Sentry x3  
  49  9:49  Stalker, Zealot x3  
  41  10:17  Nexus  
  35  10:43  Zealot x2  
  35  10:44  Zealot x2  
  35  11:03  Assimilator  
  35  11:07  Assimilator  
  35  11:09  Stargate  
  35  11:10  Stargate  
  35  11:35  Twilight Council  
  35  11:38  Probe  
  36  11:45  Stalker  
  38  11:50  Probe  
  38  12:05  Sentry x3  
  43  12:35  Sentry x2  
  47  12:58  Void Ray  
  49  13:29  Void Ray  
  53  13:53  Void Ray  
  53  13:59  Void Ray  
  43  15:07  Void Ray  
  47  15:33  Void Ray  
  20  17:18  Probe  
  21  17:30  Probe  
  22  18:37  Shield Battery  
  22  18:45  Shield Battery  
  22  19:02  Probe  
  23  19:20  Pylon  
Show
View Real Time Build Order
Export as new Build Order

VegetAbLe Protoss 

Build Orders:  

Get SALT Encoding   

  12  0:01  Probe  
  13  0:13  Probe  
  14  0:19  Pylon  
  14  0:26  Probe  
  15  0:36  Probe  
  15  0:40  Forge  
  16  0:44  Probe  
  17  0:52  Probe  
  18  1:03  Pylon  
  18  1:04  Probe  
  19  1:14  Assimilator  
  19  1:19  Photon Cannon  
  19  1:22  Assimilator  
  19  1:31  Photon Cannon  
  19  1:40  Pylon  
  19  1:47  Pylon  
  19  2:01  Probe  
  19  2:04  Photon Cannon  
  19  2:05  Photon Cannon  
  19  2:07  Pylon  
  20  2:22  Photon Cannon  
  20  2:40  Pylon  
  19  2:44  Probe  
  19  2:46  Assimilator  
  19  2:50  Assimilator  
  19  3:01  Nexus  
  18  3:13  Pylon  
  18  4:20  Gateway  
  18  4:28  Assimilator  
  18  4:31  Probe  
  18  4:32  Assimilator  
  19  4:40  Pylon  
  19  4:43  Probe  
  20  4:56  Probe  
  20  4:59  Gateway  
  21  5:11  Photon Cannon  
  21  5:19  Photon Cannon  
  21  5:30  Cybernetics Core  
  21  5:45  Pylon  
  21  5:56  Probe  
  22  5:57  Stalker x2  
  22  6:07  Warp Gate  
  22  6:08  Probe  
  27  6:25  Shield Battery  
  24  6:44  Stalker  
  24  6:45  Stalker  
  28  7:07  Robotics Facility  
  28  7:09  Probe  
  29  7:16  Stalker  
  31  7:26  Probe  
  32  7:38  Probe  
  33  7:50  Probe  
  34  7:58  Immortal  
  34  8:02  Probe  
  39  8:25  Stalker  
  39  8:26  Stalker  
  38  8:35  Pylon  
  38  8:41  Pylon  
  38  8:47  Pylon  
  38  8:57  Pylon  
  38  9:02  Immortal  
  38  9:06  Stalker  
  44  9:10  Gateway  
  44  9:21  Stalker  
  44  9:34  Observer  
  44  9:37  Stalker  
  34  9:52  Stalker  
  34  9:56  Observer  
  31  10:09  Stalker  
  31  10:11  Immortal  
  31  10:29  Stalker  
  32  10:39  Stalker x2  
  31  10:58  Probe  
  32  11:10  Probe  
  33  11:18  Zealot x3  
  39  11:36  Nexus  
  39  11:42  Pylon  
  39  12:00  Probe  
  40  12:50  Probe x2  
  40  12:54  Immortal  
  40  12:58  Probe x2  
  46  13:03  Shield Battery  
  48  13:07  Probe x2  
  48  13:10  Shield Battery  
  48  13:12  Shield Battery  
  48  13:19  Probe x2  
  50  13:22  Pylon  
  50  13:31  Probe x2  
  52  13:38  Pylon  
  52  13:41  Sentry x3  
  56  14:08  Probe x2  
  56  14:12  Twilight Council  
  56  14:16  Probe x2  
  60  14:26  Probe x2  
  62  14:34  Assimilator x2  
  62  14:38  Probe x2  
  64  14:48  Charge, Forge  
  64  14:50  Probe x2  
  64  14:51  Dark Shrine  
  66  15:02  Probe  
  59  15:10  Stalker x2  
  59  15:11  Stalker  
  65  15:22  Gateway  
  65  15:25  Pylon, Photon Cannon  
  65  15:27  Shield Battery  
  65  15:31  Protoss Ground Weapons Level 1  
  65  15:46  Stalker x2  
  65  15:48  Stalker  
  57  16:10  Dark Templar x3  
  59  16:16  Archon  
  46  16:40  Stalker  
  46  16:41  Stalker x2  
  42  17:03  Dark Templar  
  34  17:18  Stalker x2  
  27  17:51  Stalker  
  29  17:57  Stalker  
  30  18:38  Probe  
  30  18:39  Probe  
  30  18:51  Probe  
  30  18:53  Pylon  
  31  18:59  Pylon  
  31  19:03  Probe  
  31  19:05  Pylon  
  31  19:09  Cybernetics Core  
  32  19:15  Pylon  
  10  20:09  Stalker x2  
  10  20:10  Stalker  
Tags
 
Matchup
PvP
Spawn Locations
Cross Positions
Add a new tag
Caveats
  • Supply blocks, unpowered buildings, or Contaminate may cause inaccurate times.
  • Supply counts are checked every 10 seconds.